 Dungeon Crawl Stone Soup version 0.26.0-18-gc5c842f807 (webtiles) character file.

Game seed: 9275071058035683782

200 kaeus the Skirmisher (level 5, -6/42 HPs)
             Began as a Demonspawn Fighter on Jan 22, 2021.
             Killed by nerve-wracking pain
             ... invoked by an orc priest
              (12 damage)
             ... on level 3 of the Dungeon.
             The game lasted 00:01:27 (2402 turns).

kaeus the Skirmisher (Demonspawn Fighter)           Turns: 2402, Time: 00:01:27

Health: -6/42      AC:  6    Str: 17    XL:     5   Next: 48%
Magic:  5/5        EV:  7    Int:  9    God:
Gold:   123        SH:  9    Dex: 13    Spells: 4/4 levels left

rFire    . . .     SeeInvis .   a - +0 war axe
rCold    . . .     Faith    .   c - +0 kite shield
rNeg     . . .     Spirit   .   b - +0 scale mail
rPois    .         Reflect  .   (no helmet)
rElec    .         Harm     .   (no cloak)
rCorr    .         Rampage  .   (no gloves)
Will     .....                  (no boots)
Stlth    ..........             (no amulet)
HPRegen  0.14/turn              (no ring)
MPRegen  0.09/turn              (no ring)

@: no status effects
A: talons 1, powered by pain 1
a: no special abilities


You were on level 3 of the Dungeon.
You visited 1 branch of the dungeon, and saw 3 of its levels.

You collected 123 gold pieces.

Inventory:

Hand Weapons
 a - a +0 war axe (weapon)
Armour
 b - a +0 scale mail (worn)
 c - a +0 kite shield (worn)
Scrolls
 e - a scroll of identify {unknown}
 h - a scroll of remove curse {unknown}
 k - 2 scrolls of fear {unknown}
 l - 2 scrolls of teleportation {unknown}
Potions
 d - a potion of might
 f - 2 potions of degeneration {unknown}
 g - a potion of berserk rage {unknown}
 i - 2 potions of curing {unknown}
 j - 2 potions of flight {unknown}


   Skills:
 + Level 4.0 Fighting
 + Level 3.0 Axes
 + Level 3.6 Armour
 + Level 3.6 Shields


You had 4 spell levels left.
You didn't know any spells.
Your spell library was empty.

Dungeon Overview and Level Annotations

Branches:
Dungeon (3/15)

Altars:
Hepliaklqana


Innate Abilities, Weirdness & Mutations

You have sharp toenails.
You sometimes gain a little power by taking damage.


Message History

You kill the orc!
You closely miss the hobgoblin. You block the hobgoblin's attack.
You hit the orc priest but do no damage.
Your kick misses the orc priest. You closely miss the hobgoblin.
The hobgoblin barely misses you. You block the hobgoblin's attack.
You slash the orc!
You kill the orc!
You barely miss the orc priest. You hit the hobgoblin.
You block the orc priest's attack. You block the hobgoblin's attack.
The orc priest barely misses you.
There is an escape hatch in the ceiling here.
You slash the orc priest! You claw the orc priest.
The orc priest is severely wounded.
The orc priest hits you with a +0 falchion.
* * * LOW HITPOINT WARNING * * *
The orc hits you from afar with a +0 trident.
* * * LOW HITPOINT WARNING * * *
The orc priest calls down the wrath of Beogh upon you.
Pain shoots through your body!
You die...

#......##.#
.....#
#.........#
.......
#..)..#.###
..###.. #.....#.#
... .. #####.#.##
#.#).## ...
#.o.g.# ....
####.o#..# ....
#....@##.## .....
#.###.##..##.....
# #.##.........
#.###..#..## ..#
##.#..#
########.#..#
#...........#
#.######.##.#
#...........#


You could see an orc priest and an orc.

Vanquished Creatures
  A centaur (D:3)
  2 adders (D:2)
  3 oozes
  2 worms (D:2)
  6 dart slugs
  3 leopard geckos (D:1)
  5 orcs (D:3)
  7 bats
  5 giant cockroaches
  3 goblins
  4 hobgoblins
  6 jackals (D:2)
  A ball python (D:2)
  2 frilled lizards (D:2)
  6 kobolds
  9 rats
65 creatures vanquished.

Notes
Turn   | Place    | Note
-------+----------+-------------------------------------------
     0 | D:1      | kaeus the Demonspawn Fighter began the quest for the Orb.
     0 | D:1      | Reached XP level 1. HP: 18/18 MP: 1/1
   166 | D:1      | Gained mutation: You have sharp toenails. [demonic
                  | ancestry]
   166 | D:1      | Reached XP level 2. HP: 24/24 MP: 2/2
   420 | D:1      | Reached XP level 3. HP: 29/29 MP: 3/3
   899 | D:2      | Found a hazy altar of Hepliaklqana.
  1212 | D:2      | Gained mutation: You sometimes gain a little power by
                  | taking damage. [demonic ancestry]
  1212 | D:2      | Reached XP level 4. HP: 35/35 MP: 4/4
  2370 | D:3      | Noticed a centaur
  2380 | D:3      | Killed a centaur
  2381 | D:3      | Reached skill level 4 in Fighting
  2381 | D:3      | Reached XP level 5. HP: 11/42 MP: 5/5
  2402 | D:3      | Killed from afar by an orc priest

Illustrated notes

Levels and vault maps discovered:
D:1:      dpeg_arrival_renting, layout_basic
D:2:      layout_basic, nicolae_overflow_hidden_temple, grunt_ministairs_10,
          minmay_cupped
D:3:      layout_basic, uniq_grinder

Skill      XL: |  1  2  3  4 |
---------------+-------------+-----
Axes           | 2 3 |  3.0
Armour         | 3 |  3.6
Shields        | 3 |  3.6
Fighting       | 4 |  4.0

Action                   |  1- 3 |  4- 6 || total
-------------------------+-------+-------++-------
Melee: War axe           |    90 |    80 ||   170
       Kick              |    18 |    14 ||    32
Armor: Scale mail        |    46 |    35 ||    81
Dodge: Dodged            |    23 |    39 ||    62
Block: Kite shield       |    52 |    44 ||    96
